 Dungeon Crawl Stone Soup version 0.20-a0-930-gbddf555 (webtiles) character file.

44 polly the Ruffian (level 3, -1/27 HPs)
             Began as a Demonspawn Gladiator on Mar 30, 2017.
             Slain by a hobgoblin (5 damage)
             ... on level 2 of the Dungeon.
             The game lasted 00:00:56 (861 turns).

polly the Ruffian (Demonspawn Gladiator)             Turns: 861, Time: 00:00:56

Health: -1/27      AC:  6    Str: 15    XL:     3   Next: 41%
Magic:  3/3        EV: 13    Int:  9    God:
Gold:   74         SH:  0    Dex: 14    Spells: 2/2 levels left

rFire    + . .     SeeInvis .     - Unarmed
rCold    . . .     Gourm    .   (no shield)
rNeg     . . .     Faith    .   a - +0 leather armour
rPois    .         Spirit   .   b - +0 helmet
rElec    .         Reflect  .   (no cloak)
rCorr    .         Harm     .   (no gloves)
MR       .....                  (no boots)
Stlth    +.........             (no amulet)
Regen    0.1/turn               (no ring)
MPRegen  0.1/turn               (no ring)

@: lethally poisoned (-1 -> -4)
A: yellow scales 1, fire resistance 1
a: no special abilities


You were on level 2 of the Dungeon.
You were not hungry.

You visited 1 branch of the dungeon, and saw 2 of its levels.

You collected 74 gold pieces.

Inventory:

Missiles
 c - 3 throwing nets (quivered)
Armour
 a - a +0 leather armour (worn)
 b - a +0 helmet (worn)
Scrolls
 h - a scroll of blinking {unknown}
 l - a scroll of remove curse {unknown}
Potions
 e - 2 potions of mutation {unknown}
 f - a potion of lignification {unknown}
 g - a potion of curing {unknown}
 k - a potion of agility {unknown}
Comestibles
 d - a bread ration
 i - 2 royal jellies
 j - 2 meat rations


   Skills:
 + Level 2.0 Fighting
 + Level 1.7 Throwing
 + Level 1.1 Armour
 + Level 3.1 Dodging
 + Level 3.4 Unarmed Combat


You had 2 spell levels left.
You didn't know any spells.

Dungeon Overview and Level Annotations

Branches:
Dungeon (2/15)

Altars:
Nemelex Xobeh
Wu Jian


Innate Abilities, Weirdness & Mutations

You are partially covered in yellow scales. (AC +2)
Your flesh is heat resistant. (rF+)


Message History

Things that are here:
a club; a frilled lizard corpse; a hobgoblin corpse You closely miss the adder.
The adder bites you.
* * * LOW HITPOINT WARNING * * *
You are poisoned.
The adder poisons you!
You hit the adder.
The adder is moderately wounded.
* * * LOW HITPOINT WARNING * * *
You feel sick. The adder bites you but does no damage.
You hit the adder.
The adder is severely wounded.
The adder barely misses you.
The goblin shouts!
You hit the adder.
You kill the adder!
You hit the hobgoblin.
The hobgoblin is lightly wounded.
The goblin completely misses you. The hobgoblin hits you.
You die...

..#............
........>....S..
......((......#
..........###..
##.#.#.(...###..
#.._(l.l.......
#.#.##l.##...#
...#...###l.###..
.!.....g@gl...###
.....##########
....# .


You could see a hobgoblin, a goblin and 2 frilled lizards.

Vanquished Creatures
  2 adders (D:2)
  A dart slug (D:1)
  A leopard gecko (D:1)
  A giant cockroach (D:2)
  3 goblins (D:1)
  2 hobgoblins
  2 jackals (D:1)
  4 bats (D:1)
  A frilled lizard (D:2)
  4 kobolds
  4 rats (D:1)
25 creatures vanquished.

Notes
Turn   | Place    | Note
-------+----------+-------------------------------------------
     0 | D:1      | polly the Demonspawn Gladiator began the quest for the Orb.
     0 | D:1      | Reached XP level 1. HP: 16/16 MP: 1/1
     6 | D:1      | Noticed a swamp worm
     6 | D:1      | Noticed a salamander
     6 | D:1      | Noticed a rime drake
     7 | D:1      | Noticed a black bear
     7 | D:1      | Noticed a killer bee
   268 | D:1      | Gained mutation: You are partially covered in yellow scales. (AC +2) [demonic ancestry]
   268 | D:1      | Reached XP level 2. HP: 7/22 MP: 2/2
   711 | D:1      | Found a sparkling altar of Nemelex Xobeh.
   816 | D:2      | Found an ornate altar of the Wu Jian Council.
   845 | D:2      | Gained mutation: Your flesh is heat resistant. (rF+) [demonic ancestry]
   845 | D:2      | Reached XP level 3. HP: 7/27 MP: 3/3
   854 | D:2      | Reached skill level 1 in Armour
   861 | D:2      | Slain by a hobgoblin

Vault maps used:
D:1:      onia_arrival_zoo_common, nemelex_altar_shiori
D:2:      lemuel_crystal_altar, first_bread, minmay_octomino_j4

Skill      XL: |  1  2  3 |
---------------+----------+-----
Unarmed Combat | 3 |  3.4
Dodging        | 3 |  3.1
Armour         | 1 |  1.1
Fighting       | |  2.0
Throwing       | |  1.7

Action                   || total
-------------------------++-------
Melee: Unarmed           ||   119
       Punch             ||     1
Armor: Leather armour    ||    66
Dodge: Dodged            ||   121
